 Dungeon Crawl Stone Soup version 0.29.1-15-g9cfb28693d (webtiles) character file.

Game seed: 11926064715112679344

7 Zatan the Conjurer (level 2, -2/19 HPs)
             Began as a Human Conjurer on Mar 24, 2023.
             Was a Follower of Uskayaw.
             Slain by a kobold
             ... wielding a +0 whip
              (3 damage)
             ... on level 1 of the Dungeon on Mar 25, 2023.
             The game lasted 00:05:32 (371 turns).

Zatan the Conjurer (Human Conjurer)                  Turns: 371, Time: 00:05:33

Health: -2/19      AC:  2    Str:  7    XL:     2   Next: 10%
Magic:  0/5        EV: 12    Int: 18    God:    Uskayaw [*.....]
Gold:   24         SH:  0    Dex: 11    Spells: 4/5 levels left

rFire   . . .      SeeInvis .   (no weapon)
rCold   . . .      Faith    .   (no shield)
rNeg    . . .      Spirit   .   a - +0 robe
rPois   .          Reflect  .   (helmet restricted)
rElec   .          Harm     .   (no cloak)
rCorr   .          Rampage  .   (no gloves)
Will    .....                   (no boots)
Stlth   ++........              (no amulet)
HPRegen 0.06/turn               (no ring)
MPRegen 0.09/turn               (no ring)

@: no status effects
A: horns 1
a: Renounce Religion, Stomp


You were on level 1 of the Dungeon.
You worshipped Uskayaw.
Uskayaw was noncommittal.
You visited 1 branch of the dungeon, and saw 1 of its levels.

You collected 24 gold pieces.

Inventory:

Missiles
 b - 4 poisoned darts
Armour
 a - a +0 robe (worn)
Scrolls
 d - a scroll of identify {unknown}
 e - a scroll of poison {unknown}


   Skills:
 + Level 0.2 Fighting
 + Level 2.0 Dodging
 + Level 2.1 Stealth
 + Level 2.0 Spellcasting
 + Level 4.2 Conjurations


You had 4 spell levels left.
You knew the following spells:

 Your Spells              Type           Power      Damage    Failure   Level
a - Magic Dart            Conj           68%        1d6       3%          1

Your spell library contained the following spells:

 Spells                   Type           Power      Damage    Failure   Level
 Searing Ray              Conj           34%        2d5       4%          2
 Dazzling Flash           Conj/Hex       18%        N/A       22%         3
 Fulminant Prism          Conj/Hex       4%         3d6       58%         4
 Iskenderun's Mystic Bla  Conj/Tloc      9%         2d4       58%         4


Dungeon Overview and Level Annotations

Branches:
Dungeon (1/15)

Altars:
Uskayaw


Innate Abilities, Weirdness & Mutations

You have a pair of small horns on your head.


Message History

You barely miss the kobold.
The kobold is moderately wounded.
The kobold hits you but does no damage.
You closely miss the kobold.
The kobold is moderately wounded.
The kobold barely misses you.
You hit the kobold but do no damage.
The kobold is moderately wounded.
The kobold barely misses you.
You hit the kobold but do no damage.
The kobold is moderately wounded.
The kobold hits you but does no damage.
You hit the kobold but do no damage.
The kobold is moderately wounded.
The kobold closely misses you.
It was a potion of mutation.
You feel extremely strange. A pair of horns grows on your head!
The kobold hits you with a +0 whip.
You completely miss the kobold.
The kobold is moderately wounded.
The kobold hits you with a +0 whip.
* * * LOW HITPOINT WARNING * * *
You barely miss the kobold.
The kobold is moderately wounded.
The kobold hits you but does no damage.
You barely miss the kobold.
The kobold is moderately wounded.
The kobold closely misses you.
You miss the kobold.
The kobold is moderately wounded.
The kobold barely misses you.
Aiming: Magic Dart (safe; 3% risk of failure)
Press: ? - help, Q - select action, (/) - cycle Shift-Dir - straight line, f/p - kobold
Aim: a kobold, wielding a +0 whip (moderately wounded, 100% to hit)
The magic dart hits the kobold.
The kobold is severely wounded.
The kobold hits you with a +0 whip.
* * * LOW HITPOINT WARNING * * *
The kobold hits you with a +0 whip.
You die...

#.≈.≈..##.####..#####.#
#§.§...##.#.....#..#..#
#.§≈≈..##....#.#.#...<#
#§########## ##########
###..# ##....# #####
#..##### ###...#
#.####.###.##..#
#...#.#_#.#.@..#
####.###.####K.# ###
### .)†# ..†.# ......
##.....# #.....#
#......


You could see a kobold.

Vanquished Creatures
  4 jackals (D:1)
  A frilled lizard (D:1)
  A kobold (D:1)
  A rat (D:1)
7 creatures vanquished.

Notes
Turn   | Place    | Note
-------+----------+-------------------------------------------
     0 | D:1      | Zatan the Human Conjurer began the quest for the Orb.
     0 | D:1      | Reached XP level 1. HP: 13/13 MP: 3/3
   330 | D:1      | Found a faded altar of an unknown god.
   332 | D:1      | Prayed at the altar of an unknown god.
   332 | D:1      | Became a worshipper of Uskayaw the Reveller
   332 | D:1      | Reached * piety under Uskayaw
   337 | D:1      | Reached XP level 2. HP: 18/19 MP: 3/5
   339 | D:1      | Reached ** piety under Uskayaw
   365 | D:1      | Gained mutation: You have a pair of small horns on your
                  | head. [potion of mutation]
   371 | D:1      | Slain by a kobold

Illustrated notes

Levels and vault maps discovered:
D:1:      dpeg_arrival_brainrot, layout_basic, chequers_ecumenical_altar_twisty,
          chequers_garden, chequers_hall_statues_y, nrook_uturn

Action                   || total
-------------------------++-------
Melee: Unarmed           ||    33
 Cast: Magic Dart        ||    23
  Use: Potion            ||     2
Armor: Robe              ||     8
Dodge: Dodged            ||    36
